 Dungeon Crawl Stone Soup version 0.32-a0-886-g41c5271027 (webtiles) character file.

Game seed: 16487161102767842920

55 obamaself2 the Gusty (level 3, -9/26 HPs)
             Began as a Draconian Air Elementalist on Apr 2, 2024.
             Was a Follower of Lugonu.
             Killed by nerve-wracking pain
             ... invoked by an orc priest
              (13 damage)
             ... on level 3 of the Dungeon.
             The game lasted 00:14:49 (2246 turns).

obamaself2 the Gusty (Draconian Air Elementalist)   Turns: 2246, Time: 00:14:50

Health: -9/26      AC:  6    Str: 10    XL:     3   Next: 67%
Magic:  3/6        EV: 16    Int: 17    God:    Lugonu [*.....]
Gold:   86         SH:  0    Dex: 11    Spells: 6/7 levels left

rFire   + . .        m - +0 short sword
rCold   . . .        (no shield)
rNeg    . . .        (body armour unavailable)
rPois   .            (helmet restricted)
rElec   .            c - +0 cloak
rCorr   .            (no gloves)
SInv    .            (no boots)
Will    .....        (no amulet)
Stlth   ++           f - ring of protection from fire
HPRegen 0.24/turn    d - +5 ring of evasion
MPRegen 0.10/turn

%: no passive effects
@: very slightly contaminated
A: AC +5, unfitting armour, cold-blooded
a: Renounce Religion, Depart the Abyss


You were on level 3 of the Dungeon.
You worshipped Lugonu.
Lugonu was aware of your devotion.
You visited 1 branch of the dungeon, and saw 3 of its levels.

You collected 86 gold pieces.

Inventory:

Hand Weapons
 g - a +0 mace
 h - a +0 spear
 j - a +0 dagger
 m - a +0 short sword (weapon)
Armour
 c - a +0 cloak (worn)
 k - a +0 robe
Jewellery
 d - a +5 ring of evasion (right hand)
 f - a ring of protection from fire (left hand)
Scrolls
 e - 2 scrolls of fog
Potions
 a - a potion of magic
 l - a potion of might {unknown}
 n - a potion of heal wounds {unknown}


   Skills:
 + Level 0.1 Maces & Flails
 + Level 2.1 Dodging
 + Level 2.4 Stealth
 * Level 2.6 Spellcasting
 * Level 1.2 Conjurations
 - Level 3.4 Air Magic


You had 6 spell levels left.
You knew the following spells:

 Your Spells              Type           Power      Damage    Failure   Level
a - Shock                 Conj/Air       40%        1d5       7%          1

Your spell library contained the following spells:

 Spells                   Type           Power      Damage    Failure   Level
 Static Discharge         Conj/Air       20%        3-4/arc   11%         2
 Swiftness                Air            13%        N/A       13%         3
 Apportation              Tloc           4%         N/A       19%         1
 Jinxbite                 Hex            4%         N/A       28%         2
 Airstrike                Air            6%         2d(1-17)  41%         4
 Alistair's Intoxication  Alch           1%         N/A       99%         5


Dungeon Overview and Level Annotations

Branches:
Dungeon (3/15)

Altars:
Lugonu


Innate Abilities, Weirdness & Mutations

Your plain brown scales are hard. (AC +5)
You cannot fit into any form of body armour.
You are cold-blooded and may be slowed by cold attacks.


Message History

You assume a fearsome visage.
The orc looks frightened!
The orc priest looks frightened! x2; It was a scroll of fear.
As you read the scroll labelled NYMUOX CIWUI, it dissolves into smoke.
It was a scroll of fog.
There's nothing to open nearby.
As you read the scroll labelled MONALL FITEFEI, it crumbles to dust.
The air around you briefly surges with heat, but it dissipates.
It was a scroll of immolation.
Unknown command.
The orc priest invokes the aid of Beogh against you.
Beogh smites you!
Ouch! That really hurt!
* * * LOW HITPOINT WARNING * * *
The orc priest begins to cast a cantrip, but forgets the words!
Casting: Shock (safe; 7% risk of failure)
Confirm with . or Enter, or press ? or * to list all spells.
Aiming: Shock (safe; 7% risk of failure)
Press: ? - help, Shift-Dir - straight line, f/p - orc priest
Aim: an orc priest, wielding a +0 whip and wearing a +0 leather armour (68% to hit)
The zap hits the orc priest but does no damage.
Casting: Shock (safe; 7% risk of failure)
Confirm with . or Enter, or press ? or * to list all spells.
Aiming: Shock (safe; 7% risk of failure)
Press: ? - help, Shift-Dir - straight line, f/p - orc priest
Aim: an orc priest, wielding a +0 whip and wearing a +0 leather armour (68% to hit)
You miscast Shock.
You are very lightly contaminated with residual magic.
Nothing appears to happen.
Unknown command.
Unknown command.
Casting: Shock (safe; 7% risk of failure)
Confirm with . or Enter, or press ? or * to list all spells.
Aiming: Shock (safe; 7% risk of failure)
Press: ? - help, Shift-Dir - straight line, f/p - orc priest
Aim: an orc priest, wielding a +0 whip and wearing a +0 leather armour (68% to hit)
The zap misses the orc priest.
The orc priest mumbles some strange prayers to Beogh against you.
Pain shoots through your body!
Ouch! That really hurt!
You die...

...... ......
...... ......
...... ...### .
##################
#@....o...........
#.################
#.# #.# #<# ###


You could see an orc priest.

Vanquished Creatures
  Jessica (D:2)
  A dart slug (D:2)
  6 ball pythons
  A giant cockroach (D:1)
  6 goblins
  A hobgoblin (D:2)
  A quokka (D:2)
  3 bats
  A frilled lizard (D:1)
  A kobold (D:2)
  4 rats
26 creatures vanquished.

Notes
Turn   | Place    | Note
-------+----------+-------------------------------------------
     0 | D:1      | obamaself2 the Draconian Air Elementalist began the quest
                  | for the Orb.
     0 | D:1      | Reached XP level 1. HP: 14/14 MP: 3/3
   426 | D:1      | Reached XP level 2. HP: 20/20 MP: 1/5
   640 | D:1      | Found a faded altar of an unknown god.
   644 | D:1      | Prayed at the altar of an unknown god.
   644 | D:1      | Became a worshipper of Lugonu the Unformed
   644 | D:1      | Reached * piety under Lugonu
  1199 | D:2      | Noticed Jessica
  1217 | D:2      | Killed Jessica
  1218 | D:2      | Reached XP level 3. HP: 13/26 MP: 1/6
  2231 | D:3      | HP: 1/26 [orc priest/divine providence (13)]
  2246 | D:3      | Killed from afar by an orc priest

Illustrated notes

Levels and vault maps discovered:
D:1:      lemuel_arrival_broad_hall, layout_loops_corners,
          hellmonk_ecumenical_altar_inner_sanctum
D:2:      layout_basic, uniq_jessica
D:3:      layout_basic, minmay_misc_feat_plants

Skill      XL: |  1  2 |
---------------+-------+-----
Dodging        | 2 |  2.1
Stealth        | 2 |  2.4
Maces & Flails | |  0.1
Spellcasting   | |  2.6
Conjurations   | |  1.2
Air Magic      | |  3.4

Action                     || total
---------------------------++-------
  Melee: Unarmed           ||    20
         Mace              ||    19
         Tailslap          ||     8
         Short sword       ||    19
   Cast: Shock             ||    31
    Use: Scroll            ||     3
   Stab: Sleeping          ||     1
 Armour: Skin              ||    33
  Dodge: Dodged            ||    61

Table legend: (Time is in decaauts)
 A = Elapsed time spent in this place.
 B = Non-inter-level travel time spent in this place.
 C = Inter-level travel time spent in this place.
 D = Time resting spent in this place.
 E = Time spent auto-exploring this place.
 F = Levels seen in this place.
 G = Mean time per level.
                   A        B        C        D        E       F      G
               +--------+--------+--------+--------+--------+-----+--------+
         Total |   2251 |   2144 |    107 |      0 |   1570 |   3 |  750.3 |
       Dungeon |   2251 |   2144 |    107 |      0 |   1570 |   3 |  750.3 |
               +--------+--------+--------+--------+--------+-----+--------+

Top non-repeatable levels by time:
     D:1: 1183 daAuts
     D:2: 954 daAuts
     D:3: 113 daAuts
